General information
- name: BNet
- type: Ladder team game (AT/RT)
- host: Battle.net
- saver: 8===D~~^0^urmom
map: Deathknell
- players: 8
- length: 07:52
- speed: Fast
- version: 1.28 W3XP
- replay type: Public
» download(26 KB)
Players
team 1 (winner)
Badiao (
red | 71 APM | 69 actions | 00:58)
» actions
| Assign group hotkey | 1 | |
| Build / train | 7 | |
| Enter build submenu | 5 | |
| Right click | 32 | |
| Select / deselect | 19 | |
| Use ability | 5 | |
69 total
» units
» buildings
| Altar of Elders | 1 | |
| Moon Well | 1 | |
| Altar of Storms | 1 | |
| War Mill | 1 | |
4 total
» build order
00:08 Altar of Elders
00:18 Moon Well
00:30 Altar of Storms
00:33 War Mill
3gfjy (
teal | 18 APM | 17 actions | 00:55)
8===D~~^0^urmom (
pink | 68 APM | 539 actions | 07:52)
1 Priestess of the Moon
1 Trueshot Aura
1 Demon Hunter
1 Mana Burn
2 Blademaster
1 Wind Walk
1 Critical Strike
2 Shadow Hunter
1 Hex
1 Healing Wave
» actions
| Assign group hotkey | 2 | |
| Basic commands | 16 | |
| Build / train | 68 | |
| Enter build submenu | 28 | |
| Enter hero's abilities submenu | 6 | |
| Remove unit from queue | 8 | |
| Right click | 167 | |
| Select / deselect | 201 | |
| Select group hotkey | 9 | |
| Use ability | 34 | |
539 total
» units
| Peon | 11 | |
| Wisp | 12 | |
| Grunt | 2 | |
| Troll Headhunter/Berserker | 8 | |
| Archer | 11 | |
44 total
» upgrades
» buildings
| Orc Burrow | 5 | |
| Moon Well | 7 | |
| Altar of Elders | 1 | |
| Barracks | 2 | |
| Ancient of War | 4 | |
| Altar of Storms | 1 | |
| Stronghold | 2 | |
| Tree of Ages | 2 | |
| War Mill | 1 | |
| Hunter's Hall | 1 | |
| Beastiary | 2 | |
28 total
» build order
01:21 Orc Burrow
01:27 Moon Well
01:28 Altar of Elders
01:41 Orc Burrow
01:47 Orc Burrow
01:49 Barracks
02:05 Ancient of War
02:07 Ancient of War
02:09 Moon Well
02:19 Ancient of War
02:20 Ancient of War
02:29 Altar of Storms
02:35 Barracks
03:29 Orc Burrow
03:32 Orc Burrow
03:37 Moon Well
03:38 Moon Well
03:45 Moon Well
04:34 Moon Well
04:43 Stronghold
04:56 Moon Well
05:12 Stronghold
05:14 Tree of Ages
05:17 Tree of Ages
05:32 War Mill
05:52 Hunter's Hall
07:10 Beastiary
07:10 Beastiary
team 2 (loser)
theraui (
orange | 30 APM | 35 actions | 01:09)
» actions
| Build / train | 5 | |
| Enter build submenu | 2 | |
| Right click | 12 | |
| Select / deselect | 14 | |
| Use ability | 2 | |
35 total
» units
» buildings
| Altar of Elders | 1 | |
| Moon Well | 1 | |
2 total
» build order
00:59 Altar of Elders
01:01 Moon Well
Peach_overalls (
purple | 60 APM | 471 actions | 07:51)
4 Death Knight
3 Unholy Aura
1 Death Coil
2 Demon Hunter
1 Evasion
1 Immolation
1 Keeper of the Grove
1 Thorns Aura
» actions
| Assign group hotkey | 20 | |
| Basic commands | 8 | |
| Build / train | 51 | |
| Enter build submenu | 28 | |
| Enter hero's abilities submenu | 7 | |
| Remove unit from queue | 1 | |
| Right click | 145 | |
| Select / deselect | 180 | |
| Select group hotkey | 4 | |
| Use ability | 27 | |
471 total
» units
| Acolyte | 2 | |
| Ghoul | 7 | |
| Crypt Fiend | 14 | |
| Archer | 5 | |
| Wisp | 2 | |
30 total
» upgrades
| Creature Attack | 3 | |
| Creature Carapace | 3 | |
6 total
» buildings
| Altar of Darkness | 3 | |
| Ziggurat | 9 | |
| Crypt | 3 | |
| Graveyard | 1 | |
| Altar of Elders | 1 | |
| Ancient of War | 1 | |
| Tree of Ages | 1 | |
| Moon Well | 3 | |
| Halls of the Dead | 1 | |
| Hunter's Hall | 1 | |
24 total
» build order
00:07 Altar of Darkness
00:08 Ziggurat
00:36 Crypt
01:02 Graveyard
01:19 Ziggurat
01:31 Altar of Elders
01:39 Ziggurat
01:40 Altar of Darkness
02:15 Ziggurat
02:18 Ziggurat
02:25 Ziggurat
02:44 Ancient of War
02:51 Tree of Ages
02:57 Moon Well
03:15 Altar of Darkness
03:44 Crypt
03:49 Crypt
04:02 Moon Well
04:23 Halls of the Dead
05:00 Ziggurat
05:03 Ziggurat
05:08 Hunter's Hall
05:19 Ziggurat
05:58 Moon Well

»
Bigolrumproast (
green | 55 APM | 60 actions | 01:05)
» actions
| Assign group hotkey | 1 | |
| Build / train | 3 | |
| ESC pressed | 1 | |
| Enter build submenu | 4 | |
| Right click | 23 | |
| Select / deselect | 19 | |
| Select group hotkey | 4 | |
| Use ability | 5 | |
60 total
» units
» buildings
| Graveyard | 1 | |
| Crypt | 2 | |
| Ziggurat | 1 | |
4 total
» build order
00:10 Graveyard
00:16 Crypt
00:19 Crypt
00:41 Ziggurat
Green (
blue | 15 APM | 18 actions | 01:12)
» actions
| Build / train | 2 | |
| Enter build submenu | 3 | |
| Right click | 5 | |
| Select / deselect | 5 | |
| Use ability | 3 | |
18 total
» units
» buildings
| Graveyard | 1 | |
| Crypt | 1 | |
| Ziggurat | 1 | |
3 total
» build order
00:38 Graveyard
00:45 Crypt
01:01 Ziggurat
Chat log
(07:50 / All) Peach_overalls: lol gg